 Dungeon Crawl Stone Soup version 0.31-a0-1068-g5939ac1fb6 (webtiles) character file.

Game seed: 13103175135056302341

10628 gruber the Tainter (level 11, -4/54 HPs)
             Began as a Deep Elf Venom Mage on Nov 23, 2023.
             Was a Believer of Vehumet.
             Killed from afar by an acid dragon (26 damage)
             ... with a splash of acid
             ... on level 11 of the Dungeon on Nov 24, 2023.
             The game lasted 00:23:18 (14855 turns).

gruber the Tainter (Deep Elf Venom Mage)           Turns: 14855, Time: 00:23:19

Health: -4/54      AC:  6    Str:  5    XL:     11   Next: 38%
Magic:  27/27      EV: 13    Int: 25    God:    Vehumet [**....]
Gold:   378        SH:  0    Dex: 21    Spells: 14/31 levels left

rFire   . . .        l - staff of poison
rCold   . . .        (no shield)
rNeg    + . .        n - +1 robe {Will+}
rPois   +            w - +2 hat
rElec   .            a - +0 cloak
rCorr   .            (no gloves)
SInv    .            (no boots)
Will    ++...        H - amulet of magic regeneration
Stlth   ++           i - ring of positive energy
HPRegen 0.29/turn    c - +6 ring of dexterity
MPRegen 0.60/turn

%: no passive effects
@: studying Long Blades
A: no striking features
a: Renounce Religion


You were on level 11 of the Dungeon.
You worshipped Vehumet.
Vehumet was pleased with you.
You visited 2 branches of the dungeon, and saw 12 of its levels.
You also visited: Sewer.

You collected 522 gold pieces.
You spent 144 gold pieces at shops.

Inventory:

Hand Weapons
 F - a +0 flail of holy wrath
Armour
 a - a +0 cloak (worn)
 n - a +1 robe of willpower (worn)
 r - the +0 ring mail "Laic Faten" {rF+ rC- Str+3 SInv}
   (You bought it in a shop on level 1 of the Dungeon)

   Str+3:     It affects your strength (+3).
   rF+:       It protects you from fire.
   rC-:       It makes you vulnerable to cold.
   SInv:      It lets you see invisible.
 w - a +2 hat (worn)
Magical Staves
 l - a staff of poison (weapon)
Jewellery
 c - a +6 ring of dexterity (right hand)
 i - a ring of positive energy (left hand)
 y - a ring of flight
 z - a ring of see invisible
 H - an amulet of magic regeneration (around neck)
Wands
 A - a wand of polymorph (9)
 C - a wand of charming (10)
 K - a wand of flame (14)
Scrolls
 d - 2 scrolls of fog {unknown}
 f - a scroll of acquirement {unknown}
 h - 2 scrolls of torment {unknown}
 j - 5 scrolls of noise {unknown}
 m - 3 scrolls of poison {unknown}
 o - 4 scrolls of teleportation {unknown}
 p - 2 scrolls of revelation {unknown}
 q - 2 scrolls of vulnerability {unknown}
 t - 2 scrolls of immolation {unknown}
 u - 3 scrolls of enchant weapon {unknown}
 x - a scroll of amnesia {unknown}
 E - a scroll of brand weapon {unknown}
 I - a scroll of blinking
 J - 2 scrolls of fear {unknown}
Potions
 b - a potion of magic
 e - 2 potions of enlightenment
 g - 2 potions of brilliance
 k - 2 potions of invisibility
 s - a potion of resistance
 v - 2 potions of attraction
 B - 2 potions of lignification
 D - a potion of berserk rage
 G - a potion of heal wounds
 L - 2 potions of haste


   Skills:
 - Level 2.4 Dodging
 - Level 2.4 Stealth
 - Level 10.8 Spellcasting
 - Level 7.1 Conjurations
 - Level 1.1 Transmutations
 + Level 8.1 Earth Magic
 - Level 14.2 Poison Magic


You had 14 spell levels left.
You knew the following spells:

 Your Spells              Type           Power      Damage    Failure   Level
a - Sting                 Tmut/Pois      100%       1d8       1%          1
b - Poisonous Vapours     Pois/Air       100%       N/A       1%          2
c - Mephitic Cloud        Conj/Pois/Air  65%        N/A       1%          3
d - Olgreb's Toxic Radia  Pois           91%        N/A       1%          4
e - Stone Arrow           Conj/Erth      100%       3d13      1%          3
f - Brom's Barrelling Bo  Conj/Erth      51%        2d7       1%          4

Your spell library contained the following spells:

 Spells                   Type           Power      Damage    Failure   Level
 Momentum Strike          Conj/Tloc      62%        3d9       1%          2
 Magic Dart               Conj           100%       1d8       1%          1
 Sandblast                Erth           100%       2d20      1%          1
 Shock                    Conj/Air       100%       1d9       1%          1
 Passwall                 Tmut/Erth      30%        N/A       1%          2
 Dazzling Flash           Conj/Hex       62%        N/A       3%          3
 Apportation              Tloc           26%        N/A       4%          1
 Wereblood                Tmut           19%        N/A       4%          2
 Alistair's Intoxication  Tmut/Pois      44%        N/A       5%          5
 Call Imp                 Summ           26%        N/A       7%          2
 Ensorcelled Hibernation  Hex/Ice        26%        N/A       7%          2
 Jinxbite                 Hex            26%        N/A       7%          2
 Sublimation of Blood     Necr           13%        N/A       7%          2
 Animate Armour           Summ/Erth      68%        N/A       9%          4
 Swiftness                Air            13%        N/A       14%         3
 Volatile Blastmotes      Fire/Tloc      26%        2d12      14%         3
 Eringya's Noxious Bog    Tmut/Pois      33%        4d6       30%         6
 Airstrike                Air            6%         2d(1-17)  41%         4
 Anguish                  Hex/Necr       6%         N/A       41%         4
 Summon Forest            Summ/Tloc      6%         N/A       77%         5
 Starburst                Conj/Fire      15%        6d6       85%         6
 Summon Hydra             Summ           6%         N/A       100%        7
 Lehudib's Crystal Spear  Conj/Erth      25%        10d7      100%        8
 Maxwell's Capacitive Co  Air            6%         ∞         100%        8


Dungeon Overview and Level Annotations

Branches:
Dungeon (11/15)            Temple (1/1) D:6            Lair (0/5) D:8
  Sewer (visited)
    Orc: D:9-12

Altars:
Ashenzari
Cheibriados
Dithmenos
Elyvilon
Fedhas
Gozag
Hepliaklqana
Kikubaaqudgha
Makhleb
Nemelex Xobeh
Okawaru
Qazlal
Ru
Sif Muna
Trog
Uskayaw
Vehumet
Wu Jian
Xom
Yredelemnul
Zin
The Shining One

Shops:
D:1 [   D:2 (   D:4 *   D:9 *

Annotations:
D:7 2 runed translucent doors
D:10 3 runed translucent doors, MrCrawl's ghost, novice DrFE


Message History

Vehumet accepts your kill.
You feel your power returning.
Your Conjurations skill increases to level 7!
You start resting.
Magic restored.
You start resting.
HP restored.
You start waiting.
Done waiting.
This spell is dangerous to cast!
You start memorising the spell.
You continue memorising. x4
You finish memorising.
Spell assigned to 'f'.
Okay, then.
Unknown command.
Unknown command.
You see here a yak corpse.
Found a dire flail.
You see here a +0 dire flail.
A cyclops comes into view.
Found a robe.
The cyclops shouts!
Casting: Olgreb's Toxic Radiance (safe; 1% risk of failure)
Confirm with . or Enter, or press ? or * to list all spells.
You feel a surge of power!
You begin to radiate toxic energy.
The cyclops is poisoned.
The cyclops looks even sicker.
The cyclops throws a large rock.
The large rock hits you!!!
Ouch! That really hurt!
* * * LOW HITPOINT WARNING * * *
You hear a shout!
Unknown command.
Unknown command.
You are too injured to fight recklessly!
Unknown command.
Unknown command.
The cyclops throws a large rock.
The large rock barely misses you.
Your toxic aura wanes.
An acid dragon comes into view.
The acid dragon spits acid at you. The splash of acid hits you!!
You die...

.............#
...........#...#
.........D......##
.................##
..................#
.................##
..................####
.......#.....##..##.##
#...@.............#
##.÷##...........##
#..<.####.......##
.....#....##....#....#
###. ###.####..####.##
# ## #### ###


You could see an acid dragon (catching breath).

Vanquished Creatures
  A boulder beetle (D:7)
  A two-headed ogre (D:9)
  An ugly thing (D:8)
  A cyclops (D:9)
  A kobold demonologist (D:9)
  Jeremiah (D:7)
  An efreet (D:9)
  A troll (D:8)
  Grinder (D:5)
  A slime creature (D:7)
  2 vampires (D:10)
  2 wraiths
  12 yaks
  2 wyverns
  A basilisk (D:9)
  2 steam dragons (D:9)
  Menkaure (D:6)
  Edmund (D:6)
  A water moccasin (D:6)
  Duvessa (D:6)
  Pargi (Sewer)
  An orc warrior (D:9)
  2 black bears
  A sky beast (D:7)
  3 wolves (D:8)
  2 centaurs
  A phantom (D:6)
  4 kobold brigands
  Blork the orc (D:5)
  5 bullfrogs
  A gnoll sergeant (D:7)
  7 scorpions
  Dowan (D:6)
  5 killer bees (D:10)
  5 electric eels
  6 hounds
  A jelly (D:4)
  6 orc priests
  3 sleepcaps
  4 iguanas
  13 orc wizards
  10 adders
  5 gnolls
  2 river rats (D:3)
  2 shadow imps
  2 white imps (D:6)
  2 ufetubi (D:5)
  4 worms
  6 dart slugs
  29 orcs
  14 endoplasms
  2 giant cockroaches
  4 hobgoblins
  6 jackals
  7 quokkas
  8 ball pythons
  9 bats
  6 frilled lizards
  5 goblins
  29 kobolds
  6 rats
266 creatures vanquished.

Vanquished Creatures (collateral kills)
  A bullfrog (D:7)
  A wight (D:7)
  An orc (D:7)
3 creatures vanquished.

Vanquished Creatures (others)
  2 wights (D:7)
2 creatures vanquished.

Grand Total: 271 creatures vanquished

Notes
Turn   | Place    | Note
-------+----------+-------------------------------------------
     0 | D:1      | gruber the Deep Elf Venom Mage began the quest for the Orb.
     0 | D:1      | Reached XP level 1. HP: 10/10 MP: 6/6
   123 | D:1      | Found a faded altar of an unknown god.
   281 | D:1      | Reached XP level 2. HP: 15/15 MP: 4/8
   449 | D:1      | Reached skill level 4 in Poison Magic
   850 | D:1      | Reached XP level 3. HP: 16/19 MP: 0/10
  1038 | D:1      | Found Wauskew's Antique Armour Shoppe.
  1637 | D:2      | Learned a level 2 spell: Poisonous Vapours
  1641 | D:2      | Learned a level 3 spell: Mephitic Cloud
  1643 | D:2      | Found Alotass's Antique Weapon Shoppe.
  1686 | D:2      | Reached XP level 4. HP: 24/24 MP: 7/12
  1886 | D:2      | Reached skill level 5 in Poison Magic
  2632 | D:2      | Learned a level 4 spell: Olgreb's Toxic Radiance
  2890 | D:3      | Found a burning altar of Makhleb.
  3024 | D:3      | Reached XP level 5. HP: 19/28 MP: 9/14
  3234 | D:3      | Found a glowing drain.
  3238 | Sewer    | Entered a sewer
  3336 | Sewer    | Noticed Pargi
  3350 | Sewer    | Killed Pargi
  3351 | Sewer    | Reached skill level 5 in Spellcasting
  3351 | Sewer    | Reached skill level 6 in Poison Magic
  3351 | Sewer    | Reached XP level 6. HP: 18/32 MP: 2/16
  3916 | D:3      | Found a stormy altar of Qazlal.
  3973 | D:3      | Found a blossoming altar of Fedhas.
  4036 | D:3      | Found an ornate altar of the Wu Jian Council.
  4036 | D:3      | Found a radiant altar of Vehumet.
  4259 | D:4      | Found Seqeth's Neck Hole.
  4495 | D:1      | Bought a pitted ring mail for 144 gold pieces
  4495 | D:1      | Identified the +0 ring mail "Laic Faten" {rF+ rC- Str+3
                  | SInv} (You bought it in a shop on level 1 of the Dungeon)
  4881 | D:4      | Reached skill level 7 in Poison Magic
  5013 | D:4      | Reached XP level 7. HP: 30/36 MP: 7/18
  5168 | D:4      | Reached skill level 8 in Poison Magic
  5666 | D:5      | Entered Level 5 of the Dungeon
  5696 | D:5      | Noticed a wyvern
  5698 | D:5      | Killed a wyvern
  5699 | D:5      | Reached skill level 9 in Poison Magic
  5811 | D:5      | Found a glowing golden altar of the Shining One.
  5865 | D:5      | Noticed Grinder
  5896 | D:5      | Killed Grinder
  5897 | D:5      | Reached skill level 10 in Poison Magic
  5897 | D:5      | Reached XP level 8. HP: 41/41 MP: 10/19
  6578 | D:5      | Noticed Blork the orc
  6586 | D:5      | Killed Blork the orc
  6912 | D:6      | Reached skill level 11 in Poison Magic
  7091 | D:6      | Noticed Menkaure
  7103 | D:6      | HP: 3/61 [Menkaure (3)]
  7106 | D:6      | Killed Menkaure
  7272 | D:6      | Reached skill level 12 in Poison Magic
  7475 | D:6      | Noticed Dowan
  7476 | D:6      | Noticed Duvessa
  7480 | D:6      | Killed Dowan
  7485 | D:6      | Killed Duvessa
  7486 | D:6      | Reached XP level 9. HP: 37/45 MP: 5/20
  7694 | D:6      | Found a staircase to the Ecumenical Temple.
  7760 | Temple   | Entered the Ecumenical Temple
  7885 | D:3      | Became a worshipper of Vehumet
  8186 | D:7      | Noticed Jeremiah
  8194 | D:7      | Killed Jeremiah
  8195 | D:7      | Reached skill level 13 in Poison Magic
  8942 | D:6      | Noticed Edmund
  8953 | D:6      | Killed Edmund
  8954 | D:6      | Reached skill level 14 in Poison Magic
 10114 | D:7      | Found an opulent altar of Gozag.
 10115 | D:7      | Found a snail-covered altar of Cheibriados.
 10125 | D:7      | Found an iron altar of Okawaru.
 10130 | D:7      | Found a shimmering altar of Xom.
 10207 | D:7      | Noticed a boulder beetle
 10222 | D:7      | Killed a boulder beetle
 10223 | D:7      | Reached XP level 10. HP: 50/50 MP: 8/25
 10546 | D:7      | HP: 2/50 [slime creature (5)]
 10556 | D:7      | HP: 1/50 [slime creature (17)]
 10570 | D:7      | HP: 2/50 [slime creature (8)]
 11007 | D:7      | Found a runed translucent door.
 11007 | D:7      | Found a runed translucent door.
 11007 | D:7      | Noticed a green ugly thing
 11273 | D:8      | Reached skill level 10 in Spellcasting
 11307 | D:8      | Reached * piety under Vehumet
 11307 | D:8      | Offered knowledge of Freeze by Vehumet.
 11376 | D:8      | Found a staircase to the Lair.
 11463 | D:8      | Learned a level 3 spell: Stone Arrow
 11488 | D:8      | Reached skill level 1 in Conjurations
 11488 | D:8      | Reached skill level 1 in Earth Magic
 12172 | D:9      | Noticed a two-headed ogre
 12179 | D:9      | Killed a two-headed ogre
 12308 | D:9      | Noticed a purple ugly thing
 12327 | D:8      | Killed a purple ugly thing
 12328 | D:8      | Reached skill level 5 in Earth Magic
 12505 | D:9      | Reached skill level 5 in Conjurations
 12528 | D:9      | Noticed a cyclops
 12531 | D:9      | Killed a cyclops
 12532 | D:9      | Reached XP level 11. HP: 44/54 MP: 13/27
 12682 | D:9      | Reached ** piety under Vehumet
 12683 | D:9      | Offered knowledge of Momentum Strike by Vehumet.
 12904 | D:9      | Found Lonnuigh's Assorted Antiques.
 13103 | D:9      | Found a glowing silver altar of Zin.
 13400 | D:9      | Found a broken altar of Ashenzari.
 13540 | D:9      | Found a sparkling altar of Nemelex Xobeh.
 13659 | D:10     | Entered Level 10 of the Dungeon
 13769 | D:10     | Found a bloodstained altar of Trog.
 13885 | D:10     | Found a runed translucent gate.
 13885 | D:10     | Found a runed translucent gate.
 13885 | D:10     | Found a runed translucent gate.
 13886 | D:10     | Noticed MrCrawl's ghost (novice DrFE)
 14796 | D:11     | Learned a level 4 spell: Brom's Barrelling Boulder
 14855 | D:11     | Killed from afar by an acid dragon

Illustrated notes

Levels and vault maps discovered:
D:1:      lemuel_arrival_funnel, layout_loops_ring, serial_shops,
          nicolae_shop_peninsula, dreamdust_ecumenical_altar_grove
D:2:      layout_basic, serial_shops, shop, wad_floor_pattern_untrapped
D:3:      minmay_chambers_of_twos, layout_basic,
          grunt_temple_overflow_forces_of_nature, bloody_makhleb,
          gammafunk_temple_overflow_elements, gup_sewer_entry_spiral,
          minivault_19
D:4:      layout_basic, kennysheep_big_empty_room,
          nicolae_shop_sticking_my_neck_out
D:5:      layout_gridville, marbit_many_paths, uniq_blork_the_orc, uniq_grinder
D:6:      layout_gridville, minmay_temple_entry_large_hall, uniq_duvessa,
          uniq_menkaure, uniq_edmund
D:7:      minmay_the_grid_triangle_9x9_rhombus_full
          [minmay_the_grid_triangle_9x9_descending_squares,
          minmay_the_grid_triangle_9x9_tough_junction,
          minmay_the_grid_triangle_9x9_negative_grid,
          minmay_the_grid_triangle_9x9_warning,
          minmay_the_grid_triangle_9x9_semitri,
          minmay_the_grid_triangle_9x9_minimal,
          minmay_the_grid_triangle_9x9_stretched_checkered,
          minmay_the_grid_triangle_9x9_prize_schism], layout_basic,
          nicolae_overflow_macrodata_refinement, enter_bailey_2,
          due_unseen_surprise, uniq_jeremiah
D:8:      layout_basic, erik_lair_island, serial_library_hellmonk_open_cross
D:9:      layout_basic, nemelex_diamond_rough_becter,
          nicolae_ashenzari_skybound, zin_statuary, serial_shops, shop,
          minmay_radiant
D:10:     layout_long_grid, trog_three_pillars_becter, gammafunk_ghost_spectres
D:11:     layout_cross, kennysheep_orc_monster_closet_entryway, serial_shops,
          kennysheep_mini, hangedman_batty
Temple:   pf_temple_reverse_labyrinth

Skill      XL: |  1  2  3  4  5  6  7  8  9 10 11 |
---------------+----------------------------------+-----
Poison Magic   | 4 5 6 7 10 12 14 | 14.2
Spellcasting   | 4 5 6 9 10 | 10.8
Conjurations   | 5 7 |  7.1
Earth Magic    | 6 8 |  8.1
Dodging        | |  2.4
Stealth        | |  2.4
Transmutations | |  1.1

Action                     |  1- 3 |  4- 6 |  7- 9 | 10-12 || total
---------------------------+-------+-------+-------+-------++-------
  Melee: Unarmed           |     3 |       |       |       ||     3
         Short sword       |     9 |     1 |       |       ||    10
         Staff             |       |     1 |    21 |     8 ||    30
   Cast: Sting             |    95 |   145 |   188 |    61 ||   489
         Poisonous Vapours |       |     7 |     3 |     7 ||    17
         Olgreb's Toxic Ra |       |     1 |    28 |    52 ||    81
         Mephitic Cloud    |       |       |     4 |       ||     4
         Stone Arrow       |       |       |       |    25 ||    25
  Evoke: Wand              |       |       |     5 |     3 ||     8
    Use: Potion            |       |       |     1 |     8 ||     9
         Scroll            |       |       |       |     9 ||     9
 Armour: Robe              |    33 |    42 |    81 |    69 ||   225
  Dodge: Dodged            |    23 |    57 |    77 |    31 ||   188

Table legend: (Time is in decaauts)
 A = Elapsed time spent in this place.
 B = Non-inter-level travel time spent in this place.
 C = Inter-level travel time spent in this place.
 D = Time resting spent in this place.
 E = Time spent auto-exploring this place.
 F = Levels seen in this place.
 G = Mean time per level.
                   A        B        C        D        E       F      G
               +--------+--------+--------+--------+--------+-----+--------+
         Total |  14931 |  13576 |   1355 |   1064 |  10566 |  13 | 1148.5 |
       Dungeon |  14685 |  13332 |   1353 |   1064 |  10375 |  11 | 1335.0 |
        Temple |      1 |      0 |      1 |      0 |      0 |   1 |    1.0 |
         Sewer |    245 |    245 |      0 |      0 |    191 |   1 |  245.0 |
               +--------+--------+--------+--------+--------+-----+--------+

Top non-repeatable levels by time:
     D:6: 2138 daAuts
     D:7: 1847 daAuts
     D:1: 1692 daAuts
     D:3: 1577 daAuts
     D:8: 1361 daAuts
     D:5: 1277 daAuts
     D:9: 1217 daAuts
     D:2: 1205 daAuts
     D:4: 1172 daAuts
    D:10: 919 daAuts
    D:11: 276 daAuts
   Sewer: 245 daAuts
  Temple: 1 daAuts
